 Dungeon Crawl Stone Soup version 0.28.0-47-ge53b351184 (webtiles) character file.

Game seed: 9324126661415040897

511 bobregger the Cudgeller (level 7, 0/70 HPs)
             Began as an Ogre Berserker on Apr 26, 2022.
             Was a Believer of Trog.
             Slain by a hound (3 damage)
             ... on level 5 of the Dungeon.
             The game lasted 00:04:05 (3986 turns).

bobregger the Cudgeller (Ogre Berserker)            Turns: 3986, Time: 00:04:05

Health: 0/70       AC:  3    Str: 28    XL:     7   Next: 19%
Magic:  7/7        EV: 10    Int:  8    God:    Trog [**....]
Gold:   171        SH:  0    Dex: 10    Spells: 6/6 levels left

rFire   . . .      SeeInvis .   d - +5 whip "Arbiter" {venom, rC+ Str+6}
rCold   + . .      Faith    .   (no shield)
rNeg    . . .      Spirit   .   b - +0 animal skin
rPois   +          Reflect  .   (helmet restricted)
rElec   .          Harm     .   (no cloak)
rCorr   .          Rampage  .   (gloves unavailable)
Will    .....                   (boots unavailable)
Stlth   +.........              (no amulet)
HPRegen 0.00/turn               g - ring of poison resistance
MPRegen 0.10/turn               (no ring)

@: inhibited regen
A: large, unfitting armour, tough skin 1, screaming 1, inhibited regeneration
a: Renounce Religion, Berserk, Trog's Hand


You were on level 5 of the Dungeon.
You worshipped Trog.
Trog was pleased with you.
You visited 1 branch of the dungeon, and saw 5 of its levels.

You collected 171 gold pieces.

Inventory:

Hand Weapons
 d - the +5 whip "Arbiter" (weapon) {venom, rC+ Str+6}
   (You found it on level 2 of the Dungeon)

   It poisons the flesh of those it strikes.
   Str:       It affects your strength (+6).
   rC:        It protects you from cold.
Armour
 b - a +0 animal skin (worn)
Jewellery
 g - a ring of poison resistance (left hand)
Scrolls
 a - a scroll of immolation
 e - a scroll of noise
 f - 2 scrolls of teleportation
 h - a scroll of magic mapping
 i - a scroll of enchant armour
 k - a scroll of fog
 m - a scroll of amnesia {unknown}
Potions
 j - a potion of curing
 l - a potion of flight


   Skills:
 - Level 4.0 Fighting
 + Level 7.3 Maces & Flails
 - Level 2.6 Dodging


You had 6 spell levels left.
You didn't know any spells.
Your spell library was empty.

Dungeon Overview and Level Annotations

Branches:
Dungeon (5/15)
 Temple: D:4-7

Altars:
Gozag
Yredelemnul
Zin


Innate Abilities, Weirdness & Mutations

You are too large for most types of armour.
You have tough skin. (AC +1)
You occasionally shout uncontrollably at your foes.
You do not regenerate when monsters are visible.


Message History

The gnoll is moderately wounded.
The gnoll hits you with a +1 whip of electrocution!
You are electrocuted!
A gnoll is nearby!
You hit the gnoll but do no damage.
The gnoll looks as sick as possible!
The gnoll is moderately wounded.
The gnoll hits you with a +1 whip of electrocution!
You barely miss the gnoll.
The gnoll is moderately wounded.
You hit the gnoll.
The gnoll looks as sick as possible!
The gnoll is severely wounded.
The gnoll hits you with a +1 whip of electrocution!
You are electrocuted!
* * * LOW HITPOINT WARNING * * *
You whack the gnoll!
You kill the gnoll!
Trog accepts your kill.
A gnoll comes into view. It is wielding a +0 flail.
The gnoll shouts!
Things that are here:
a +1 whip of electrocution; a gnoll corpse You hit the gnoll but do no damage.
You hit the gnoll.
The gnoll is heavily wounded.
The gnoll closely misses you.
You barely miss the gnoll.
The gnoll is heavily wounded.
The gnoll hits you with a +0 flail.
* * * LOW HITPOINT WARNING * * *
You whack the gnoll!
You kill the gnoll!
Trog accepts your kill.
A hound comes into view.
The hound barks!
Things that are here:
a +0 flail; 13 gold pieces; a gnoll corpse You miss the hound.
The hound pauses to sniff the ground.
The hound bites you.
You die...

.# .# .. .# #.#
#.#
####.####.#####.
......h@........
########).#(####
#).#.# #..#.# ###
#..#.##########..
#...............#
#################


You could see a hound.

Vanquished Creatures
  An ogre (D:3)
  A phantom (D:4)
  2 hounds
  2 orc priests
  4 orc wizards
  3 gnolls (D:5)
  2 adders
  2 worms
  2 dart slugs
  14 orcs (D:4)
  2 bats
  5 endoplasms
  A giant cockroach (D:2)
  5 hobgoblins
  6 jackals (D:1)
  4 kobolds
  A quokka (D:2)
  6 ball pythons
  2 frilled lizards
  4 goblins
  7 rats
76 creatures vanquished.

Notes
Turn   | Place    | Note
-------+----------+-------------------------------------------
     0 | D:1      | bobregger the Ogre Berserker began the quest for the Orb.
     0 | D:1      | Reached XP level 1. HP: 24/24 MP: 1/1
    83 | D:1      | Reached skill level 3 in Maces & Flails
    88 | D:1      | Reached XP level 2. HP: 19/32 MP: 2/2
   997 | D:1      | Reached XP level 3. HP: 31/39 MP: 3/3
  1202 | D:2      | Identified the +5 whip "Arbiter" {venom, rC+ Str+6}
  1293 | D:2      | Reached skill level 4 in Maces & Flails
  1459 | D:2      | Found a faded altar of an unknown god.
  1914 | D:3      | Reached XP level 4. HP: 48/48 MP: 4/4
  1985 | D:3      | Reached ** piety under Trog
  2001 | D:3      | Found an opulent altar of Gozag.
  2070 | D:3      | Noticed an ogre
  2079 | D:3      | Killed an ogre
  2080 | D:3      | Reached skill level 5 in Maces & Flails
  2080 | D:3      | Reached XP level 5. HP: 51/54 MP: 5/5
  2154 | D:3      | Reached XP level 6. HP: 20/62 MP: 6/6
  2158 | D:3      | Reached skill level 6 in Maces & Flails
  2962 | D:4      | Found a basalt altar of Yredelemnul.
  2962 | D:4      | Found a glowing silver altar of Zin.
  3520 | D:4      | Gained mutation: You do not regenerate when monsters are
                  | visible. [potion of mutation]
  3520 | D:4      | Gained mutation: You occasionally shout uncontrollably at
                  | your foes. [potion of mutation]
  3755 | D:4      | Reached skill level 7 in Maces & Flails
  3755 | D:4      | Reached XP level 7. HP: 69/70 MP: 7/7
  3929 | D:5      | Entered Level 5 of the Dungeon
  3983 | D:5      | HP: 3/70 [gnoll/+0 flail (6)]
  3986 | D:5      | Slain by a hound

Illustrated notes

Levels and vault maps discovered:
D:1:      amcnicky_arrival_abandoned_market, layout_basic, hex_intersection
D:2:      layout_rooms, chequers_ecumenical_altar_lobes
D:3:      layout_basic, grunt_gozag_statues
D:4:      layout_gridville, gammafunk_temple_overflow_elements
D:5:      layout_loops_ring, mainiacjoe_overflow_big_doors, abandoned_shop,
          kennysheep_generic_room_8

Skill      XL: |  1  2  3  4  5  6 |
---------------+-------------------+-----
Maces & Flails | 3 4 5 7 |  7.3
Fighting       | |  4.0
Dodging        | |  2.6

Action                   |  1- 3 |  4- 6 |  7- 9 || total
-------------------------+-------+-------+-------++-------
Melee: Mace              |    76 |       |       ||    76
       Whip              |    24 |    86 |    23 ||   133
       Punch             |     1 |       |       ||     1
Invok: Trog's Hand       |       |     3 |       ||     3
       Berserk           |       |     2 |       ||     2
  Use: Potion            |       |     4 |       ||     4
       Scroll            |       |       |     7 ||     7
Armor: Animal skin       |    46 |    17 |     2 ||    65
Dodge: Dodged            |    80 |    61 |     5 ||   146
